Map: [ESL] Waterfall

Players

TIME (Oliveira)

  • Race: Terran Terran
  • Spawn Location: 1:00

Ryung - Winner!

  • Race: Terran Terran
  • Spawn Location: 7:00

Event: DreamHack SC2 Masters 2022 Atlanta (Offline)

VOD

Have the link to the VOD?

Description

Time

  • Played on: Nov. 18, 2022, 6:30 p.m.
  • Length: 7:27

All games in this series

Show
View Real Time Build Order
Export as new Build Order

TIME Terran 

Build Orders:  

Get SALT Encoding   

  12  0:00  SCV  
  13  0:13  SCV  
  14  0:17  Supply Depot  
  14  0:25  SCV  
  15  0:38  SCV  
  15  0:40  Barracks  
  16  0:45  Refinery  
  16  0:50  SCV  
  16  0:55  Refinery  
  17  1:03  SCV  
  18  1:15  SCV  
  19  1:27  Reaper  
  19  1:28  Orbital Command  
  19  1:31  Supply Depot  
  20  1:43  Factory  
  20  1:54  SCV  
  20  1:59  Reaper  
  22  2:06  SCV  
  23  2:17  Command Center  
  23  2:20  SCV  
  24  2:27  Hellion  
  26  2:31  Reaper  
  26  2:32  SCV  
  26  2:36  Supply Depot  
  28  2:44  SCV  
  29  2:48  Hellion  
  31  2:52  Starport  
  31  2:57  SCV  
  32  3:05  Barracks Reactor  
  31  3:10  SCV, Factory Tech Lab  
  32  3:22  SCV  
  33  3:28  Cyclone, Refinery  
  33  3:30  Starport Tech Lab  
  36  3:38  SCV  
  36  3:39  Orbital Command  
  37  3:45  Marine x2  
  39  3:51  SCV  
  39  3:54  Raven  
  42  4:05  SCV x2  
  42  4:06  Marine x2  
  42  4:08  Cyclone  
  49  4:11  Supply Depot  
  50  4:17  SCV x2  
  50  4:20  Mag-Field Accelerator  
  51  4:24  Marine x2  
  51  4:29  SCV  
  54  4:33  SCV  
  54  4:34  Supply Depot  
  55  4:42  SCV  
  55  4:44  Raven  
  58  4:51  Command Center  
  58  4:52  Marine x2  
  60  4:55  SCV x2  
  65  5:00  Cyclone  
  63  5:07  SCV  
  63  5:10  SCV, Marine x2  
  63  5:13  Refinery  
  63  5:14  Supply Depot  
  67  5:27  SCV x2, Marine  
  70  5:35  Raven, Marine  
  73  5:38  Barracks x2  
  73  5:39  Supply Depot  
  73  5:42  SCV x2  
  75  5:45  Marine  
  76  5:53  Marine  
  76  5:55  SCV  
  78  6:00  SCV, Siege Tank  
  78  6:03  Marine  
  83  6:04  Engineering Bay x2  
  62  6:20  SCV  
  62  6:22  SCV  
  62  6:26  Orbital Command  
  62  6:29  Starport Reactor  
  62  6:32  SCV, Marine x2  
  65  6:35  Siege Tank  
  65  6:36  SCV  
  69  6:44  SCV  
  69  6:46  Orbital Command  
  70  6:47  Barracks Tech Lab  
  70  6:48  SCV  
  70  6:52  Barracks  
  70  6:53  Barracks  
  71  6:54  Marine  
  71  6:56  SCV, Marine x2  
  71  7:00  SCV  
  76  7:05  Supply Depot  
  76  7:06  Marine  
  80  7:08  SCV  
  80  7:11  SCV  
  80  7:12  SCV  
Show
View Real Time Build Order
Export as new Build Order

Ryung Terran - Winner!

Build Orders:  

Get SALT Encoding   

  12  0:00  SCV  
  13  0:12  SCV  
  14  0:18  Supply Depot  
  14  0:24  SCV  
  14  0:27  Refinery  
  15  0:39  SCV  
  16  0:45  Barracks  
  16  0:51  SCV  
  16  0:54  Refinery  
  17  1:03  SCV  
  18  1:16  SCV  
  19  1:31  Orbital Command  
  19  1:32  Factory  
  19  1:34  Reaper  
  20  1:42  Supply Depot  
  20  1:57  SCV  
  21  2:06  Reaper  
  22  2:09  SCV  
  25  2:15  Hellion  
  25  2:21  SCV  
  26  2:27  Command Center  
  26  2:33  SCV  
  26  2:36  Supply Depot  
  27  2:37  Factory Tech Lab  
  27  2:39  Barracks Reactor  
  27  2:45  SCV  
  28  2:52  Starport  
  28  2:58  SCV  
  29  3:03  Cyclone  
  32  3:10  SCV  
  33  3:15  Marine  
  33  3:16  Refinery  
  33  3:17  Marine  
  35  3:22  SCV  
  36  3:36  SCV  
  36  3:47  Factory Tech Lab  
  36  3:48  Raven  
  38  3:49  SCV  
  39  3:57  Orbital Command  
  39  3:58  Marine x2  
  39  4:01  SCV  
  42  4:06  Siege Tank  
  42  4:07  Supply Depot  
  45  4:13  SCV  
  45  4:16  Marine x2  
  48  4:23  SCV  
  49  4:25  SCV  
  49  4:30  Raven  
  52  4:31  Supply Depot  
  52  4:34  Marine x2  
  52  4:35  SCV  
  52  4:37  SCV  
  56  4:43  Siege Tank  
  59  4:47  SCV  
  59  4:49  SCV  
  61  4:58  Command Center  
  61  5:02  Supply Depot, Marine  
  61  5:03  Marine  
  61  5:06  SCV x2  
  65  5:15  Siege Tank  
  65  5:18  SCV x2  
  69  5:30  SCV x2  
  69  5:34  Viking x2  
  75  5:36  Supply Depot  
  75  5:38  Stimpack, Marine  
  76  5:42  SCV  
  76  5:44  SCV  
  76  5:45  Refinery  
  78  5:53  Supply Depot  
  78  5:57  Marine  
  78  5:58  SCV, Siege Tank  
  83  6:04  Viking  
  83  6:09  Viking  
  84  6:17  Orbital Command  
  84  6:18  SCV x2  
  81  6:30  SCV x2  
  81  6:31  Barracks  
  81  6:32  Siege Tank  
  86  6:33  Barracks  
  86  6:34  Viking  
  86  6:39  Viking  
  90  6:42  Engineering Bay  
  90  6:43  Engineering Bay, SCV x2  
  90  6:44  SCV  
  93  6:47  Marine  
  94  6:55  SCV x2  
  94  6:56  SCV  
  94  6:58  Supply Depot  
  94  7:00  Supply Depot  
  97  7:05  Marine  
Tags
 
Add a new tag
Caveats
  • Supply blocks, unpowered buildings, or Contaminate may cause inaccurate times.
  • Supply counts are checked every 10 seconds.